 Dungeon Crawl Stone Soup version 0.19-a0-1002-g674d22e (webtiles) character file.

1294 poirepourri the Thaumaturge (level 8, -4/41 HPs)
             Began as a Deep Elf Conjurer on July 18, 2016.
             Shot with an arrow by a centaur (13 damage)
             ... on level 6 of the Dungeon.
             The game lasted 00:11:03 (6087 turns).

poirepourri the Thaumaturge (Deep Elf Conjurer)     Turns: 6087, Time: 00:11:04

Health: -4/41      AC:  5    Str:  5    XL:     8   Next: 30%
Magic:  24/24      EV: 13    Int: 23    God:
Gold:   252        SH:  0    Dex: 15    Spells: 6 memorised, 9 levels left

rFire  + . .     SeeInvis .     m - +1 short sword
rCold  x . .     Gourm    .     a - +1 robe
rNeg   . . .     Faith    .     (no shield)
rPois  .         Spirit   .     f - +1 helmet
rElec  .         Dismiss  +     (no cloak)
rCorr  .         Reflect  .     (no gloves)
SustAt .         Harm     .     (no boots)
MR     .....                    i - amulet of dismissal
Stlth  ++........               (no ring)
                                w - ring of fire

@: about to teleport, very slightly contaminated, not resistant to hostile
enchantments, unstealthy
A: no striking features
a: no special abilities


You were on level 6 of the Dungeon.
You were not hungry.

You visited 1 branch of the dungeon, and saw 6 of its levels.

You collected 252 gold pieces.

Inventory:

Hand Weapons
 m - a +1 short sword (weapon)
Armour
 a - a +1 robe (worn)
 f - a +1 helmet (worn)
 z - the +0 cloak of the Maze {-Tele rC+ rN+}
   (You found it on level 6 of the Dungeon)

   It protects you from cold.
   It protects you from negative energy.
   It prevents most forms of teleportation.
Jewellery
 i - an amulet of dismissal (around neck)
 w - a ring of fire (left hand)
 y - an uncursed amulet of guardian spirit
Wands
 l - a wand of acid (10/15)
 s - a wand of random effects (19/48)
 u - a wand of digging (12/24)
 v - a wand of digging (8/24)
Scrolls
 c - a scroll of remove curse
 n - a scroll of recharging
 o - 3 scrolls of teleportation
 p - a scroll of amnesia
 r - a scroll of noise
Potions
 d - 3 potions of might
 e - 2 potions of haste
 g - a potion of flight
 j - 2 potions of mutation
 q - a potion of magic
Books
 b - a book of Conjurations

   Spells                             Type                      Level
   a - Magic Dart                     Conjuration                  1
   b - Searing Ray                    Conjuration                  2
   c - Dazzling Spray                 Conjuration/Hexes            3
   d - Fulminant Prism                Conjuration/Hexes            4
   e - Iskenderun's Mystic Blast      Conjuration                  4
   f - Iskenderun's Battlesphere      Conjuration/Charms           5
Comestibles
 k - a fruit
 t - 2 bread rations
 B - a meat ration


   Skills:
 - Level 2.4 Dodging
 - Level 2.4 Stealth
 * Level 10.6 Spellcasting
 + Level 8.2 Conjurations


You had 9 spell levels left.
You knew the following spells:

 Your Spells              Type           Power        Failure   Level  Hunger
a - Magic Dart            Conj           ####         1%          1    None
b - Searing Ray           Conj           ######       1%          2    None
c - Dazzling Spray        Conj/Hex       ####..       3%          3    None
d - Fulminant Prism       Conj/Hex       ####......   12%         4    #......
e - Iskenderun's Mystic   Conj           ######..     1%          4    #......
f - Iskenderun's Battles  Conj/Chrm      ####....     30%         5    ####...


Dungeon Overview and Level Annotations

Branches:
Dungeon (6/15)             Temple (0/1) D:4

Altars:
Cheibriados
Dithmenos
Kikubaaqudgha
Nemelex Xobeh
Okawaru
Pakellas
Qazlal
Uskayaw
Xom


Message History

Press: ? - help, Shift-Dir - straight line, f/p - centaur
Aim: a centaur, wielding a shortbow The magic dart hits the centaur.
The centaur is moderately wounded.
The centaur shoots an arrow.
The arrow hits you.
* * * LOW HITPOINT WARNING * * *
Casting: Magic Dart
Confirm with . or Enter, or press ? or * to list all spells.
Okay, then.
Blink to where?
Press: ? - help, Dir - move target cursor, p - centaur You are very lightly contaminated with residual magic.
As you read the scroll of blinking, it crumbles to dust.
Found a cloak.
Okay, then.
As you read the scroll of teleportation, it crumbles to dust.
You feel strangely unstable.
Found a scale mail.
The centaur shoots an arrow.
The arrow hits you!
You die...

..#.###
#.##...#...###.#.#
.....## #c##.###...#
#.#.# ......##
#....###...# #.#.#
.......# ###.........#
#.#.#
.....ยง.###....####.###
#...# ..............##
##..#
.......####.#..### #..#
.......# #.##...#
##..#### ......##
#.####@# #......#
......## #.# #.#
#......# .......# ..#
... #......# .....<.#
.## ..... #......#
.......# #[.....
#......# .....(.#
#....... #......#
.......# #...[....
#......# ......##
#....$...##......#
.....## ########


You could see a centaur.

Vanquished Creatures
  2 ogres (D:5)
  A sky beast (D:5)
  3 giant frogs
  A scorpion (D:4)
  A howler monkey (D:6)
  4 crimson imps
  A centaur zombie (D:6)
  A giant frog zombie (D:5)
  An orc priest (D:6)
  A giant frog skeleton (D:5)
  An orc wizard (D:6)
  4 iguanas
  Terence (D:2)
  Natasha (thrice) (D:4)
  2 worker ants
  Robin (D:4)
  A gnoll (D:1)
  10 adders
  A shadow imp (D:4)
  A white imp (D:4)
  An ooze (D:5)
  An adder zombie (D:6)
  3 worms
  A dart slug (D:2)
  3 giant geckos
  11 orcs
  7 bats
  5 giant cockroaches
  10 goblins
  10 hobgoblins
  2 quokkas
  A giant gecko zombie (D:5)
  3 giant newts
  A jackal skeleton (D:4)
  A jackal zombie (D:6)
  2 kobolds
  6 rats
109 creatures vanquished.

Vanquished Creatures (others)
  A fulminant prism (D:6)
1 creature vanquished.

Grand Total: 110 creatures vanquished

Notes
Turn   | Place    | Note
-------+----------+-------------------------------------------
     0 | D:1      | poirepourri the Deep Elf Conjurer began the quest for the Orb.
     0 | D:1      | Reached XP level 1. HP: 10/10 MP: 6/6
   169 | D:1      | Reached XP level 2. HP: 15/15 MP: 0/8
   451 | D:1      | Reached skill level 5 in Conjurations
   812 | D:2      | Learned a level 2 spell: Searing Ray
   989 | D:2      | Reached XP level 3. HP: 19/19 MP: 6/10
  1270 | D:2      | Learned a level 3 spell: Dazzling Spray
  1502 | D:2      | Found a faded altar of an unknown god.
  1538 | D:2      | Reached XP level 4. HP: 24/24 MP: 7/11
  1616 | D:2      | Noticed Terence
  1625 | D:2      | Killed Terence
  1625 | D:2      | Reached skill level 4 in Spellcasting
  1836 | D:2      | Learned a level 4 spell: Fulminant Prism
  2114 | D:3      | Noticed a giant frog
  2148 | D:3      | Killed a giant frog
  2148 | D:3      | Reached XP level 5. HP: 19/28 MP: 7/14
  2216 | D:3      | Reached skill level 5 in Spellcasting
  2664 | D:3      | Found a snail-covered altar of Cheibriados.
  2667 | D:3      | Found an oddly glowing altar of Pakellas.
  2673 | D:3      | Found a shimmering altar of Xom.
  2685 | D:3      | Found a sparkling altar of Nemelex Xobeh.
  2698 | D:3      | Found an iron altar of Okawaru.
  2812 | D:4      | Found a shadowy altar of Dithmenos.
  2886 | D:4      | Noticed Robin
  3001 | D:4      | Noticed Natasha
  3005 | D:4      | Killed Natasha
  3028 | D:4      | Noticed Natasha
  3033 | D:4      | Killed Natasha
  3202 | D:4      | Reached skill level 6 in Spellcasting
  3202 | D:4      | Reached XP level 6. HP: 32/32 MP: 12/17
  3441 | D:4      | Killed Robin
  3632 | D:4      | Noticed Natasha
  3635 | D:4      | Killed Natasha
  3808 | D:4      | Found a staircase to the Ecumenical Temple.
  3828 | D:4      | Reached skill level 7 in Spellcasting
  4018 | D:4      | Learned a level 4 spell: Iskenderun's Mystic Blast
  4024 | D:4      | Learned a level 5 spell: Iskenderun's Battlesphere
  4063 | D:5      | Entered Level 5 of the Dungeon
  4127 | D:5      | Reached XP level 7. HP: 36/36 MP: 13/20
  4295 | D:5      | Reached skill level 8 in Spellcasting
  4564 | D:5      | Found a hide-covered altar of Uskayaw.
  4577 | D:5      | Found an ancient bone altar of Kikubaaqudgha.
  4580 | D:5      | Found a stormy altar of Qazlal.
  4634 | D:5      | Reached skill level 9 in Spellcasting
  5274 | D:6      | Reached XP level 8. HP: 41/41 MP: 9/23
  5578 | D:6      | Got a fine cloak
  5581 | D:6      | Identified the +0 cloak of the Maze {-Tele rC+ rN+} (You found it on level 6 of the Dungeon)
  5711 | D:6      | Reached skill level 10 in Spellcasting
  6087 | D:6      | Shot with an arrow by a centaur

Vault maps used:
D:1:      minmay_arrival_five_plusses
D:2:      ecumenical_altar_1, uniq_terence
D:3:      minmay_overflow_temple_star_hex
D:4:      kennysheep_big_flooded_room, grunt_dithmenos_shadows,
          minmay_statues_item, minmay_fire_ice_demons, uniq_natasha, uniq_robin
D:5:      grunt_temple_overflow_diamond, first_bread

Skill      XL: |  1  2  3  4  5  6  7  8 |
---------------+-------------------------+-----
Conjurations   | 5 6 7 8 |  8.2
Spellcasting   | 4 6 7 9 10 | 10.6
Dodging        | |  2.4
Stealth        | |  2.4

Action                   |  1- 3 |  4- 6 |  7- 9 || total
-------------------------+-------+-------+-------++-------
Melee: Unarmed           |     1 |       |       ||     1
 Cast: Magic Dart        |    64 |   138 |   100 ||   302
       Searing Ray       |       |     6 |     8 ||    14
       Fulminant Prism   |       |       |     1 ||     1
  Use: Scroll            |     4 |    16 |     8 ||    28
       Potion            |       |       |     3 ||     3
  Eat: Beef jerky        |     2 |       |       ||     2
       Fruit             |     1 |     1 |     1 ||     3
       Bread ration      |       |     1 |       ||     1
       Meat ration       |       |       |     1 ||     1
Armor: Robe              |     1 |    10 |     6 ||    17
Dodge: Dodged            |     1 |    45 |    17 ||    63
